 Dungeon Crawl Stone Soup version 0.28.0-1-gb440e238dd (webtiles) character file.

Game seed: 10302541483795784912

3626 mortz the Destroyer (level 10, -3/71 HPs)
             Began as a Human Conjurer on Feb 23, 2022.
             Was an Initiate of Vehumet.
             Killed from afar by Maurice (7 damage)
             ... with an iceblast
             ... on level 8 of the Dungeon.
             The game lasted 00:46:23 (8289 turns).

mortz the Destroyer (Human Conjurer)                Turns: 8289, Time: 00:46:23

Health: -3/71      AC:  6    Str: 10    XL:     10   Next: 33%
Magic:  3/20       EV: 13    Int: 20    God:    Vehumet [......]
Gold:   0          SH:  0    Dex: 12    Spells: 11/22 levels left

rFire   . . .      SeeInvis .   y - +10 hunting sling of the Postmodern Friends {vorpal, *Corrode rPois rC+ Will+}
rCold   + + .      Faith    .   (no shield)
rNeg    . . .      Spirit   .   Q - +0 steam dragon scales
rPois   +          Reflect  .   (no helmet)
rElec   .          Harm     .   I - +0 cloak {rCorr}
rCorr   +          Rampage  .   (no gloves)
Will    +....                   (no boots)
Stlth   +++.......              o - amulet of magic regeneration
HPRegen 0.21/turn               d - ring of protection from cold
MPRegen 0.57/turn               P - ring of poison resistance

@: no status effects
A: no striking features
a: Renounce Religion


You were on level 8 of the Dungeon.
You worshipped Vehumet.
Vehumet was noncommittal.
You visited 1 branch of the dungeon, and saw 8 of its levels.

Inventory:

Hand Weapons
 c - a +4 dagger of flaming
 n - a +0 trident
 x - a +2 whip of electrocution
 y - the +10 hunting sling of the Postmodern Friends (weapon) {vorpal, *Corrode rPois rC+ Will+}
   (You found it on level 4 of the Dungeon)

   Any ammunition fired from it inflicts extra damage upon your enemies.
   rC:        It protects you from cold.
   rPois:     It protects you from poison.
   *Corrode:  It may corrode you when you take damage.
   Will:      It increases your willpower.
 G - a +1 glaive of venom
 H - a +3 quarterstaff of chaos
 J - a +3 flail
 K - a +3 dire flail
 L - a +3 long sword
 T - a +1 dagger of venom
Missiles
 p - 6 poisoned darts
 B - 172 stones (quivered ammo)
 N - 24 sling bullets
 R - a curare-tipped dart
Armour
 u - a +2 robe of the Archmagi
 I - a +0 cloak of preservation (worn)
 Q - +0 steam dragon scales (worn)
Jewellery
 b - a ring of fire
 d - a ring of protection from cold (left hand)
 o - an amulet of magic regeneration (around neck)
 t - an amulet of guardian spirit
 D - a ring of flight
 F - a ring of protection from fire
 P - a ring of poison resistance (right hand)
Wands
 a - a wand of iceblast (17)
 A - a wand of paralysis (6)
 U - a wand of digging (5)
Scrolls
 e - a scroll of fog {unknown}
 f - 2 scrolls of magic mapping {unknown}
 h - 2 scrolls of enchant armour {unknown}
 j - 4 scrolls of identify {unknown}
 r - 3 scrolls of immolation {unknown}
 s - a scroll of enchant weapon {unknown}
 M - a scroll of blinking {unknown}
 O - a scroll of teleportation {unknown}
Potions
 g - a potion of mutation {unknown}
 i - 3 potions of heal wounds
 q - a potion of ambrosia {unknown}
 v - 2 potions of brilliance {unknown}
 w - 2 potions of flight {unknown}
 z - a potion of attraction {unknown}
 C - a potion of magic {unknown}
 S - a potion of degeneration {unknown}
 V - 2 potions of haste {unknown}


   Skills:
 + Level 3.6 Fighting
 + Level 0.8(0.9) Short Blades
 + Level 0.2(0.6) Long Blades
 + Level 7.5 Slings
 + Level 3.8 Dodging
 + Level 4.4 Stealth
 + Level 6.8 Spellcasting
 + Level 8.2 Conjurations


You had 11 spell levels left.
You knew the following spells:

 Your Spells              Type           Power      Damage    Failure   Level
a - Magic Dart            Conj           100%       1d8       1%          1
b - Searing Ray           Conj           78%        2d7       1%          2
c - Fulminant Prism       Conj/Hex       11%        3d9       17%         4
d - Iskenderun's Mystic   Conj/Tloc      23%        2d6       19%         4

Your spell library contained the following spells:

 Spells                   Type           Power      Damage    Failure   Level
 Shock                    Conj/Air       92%        1d8       1%          1
 Dazzling Flash           Conj/Hex       46%        N/A       5%          3
 Gell's Gravitas          Tloc           6%         N/A       28%         3
 Lesser Beckoning         Tloc           6%         N/A       28%         3
 Ozocubu's Armour         Ice            6%         N/A       28%         3
 Swiftness                Air            6%         N/A       28%         3
 Teleport Other           Tloc           6%         N/A       28%         3
 Airstrike                Air            3%         N/A       67%         4
 Metabolic Englaciation   Hex/Ice        3%         N/A       95%         5
 Simulacrum               Ice/Necr       3%         N/A       100%        6


Dungeon Overview and Level Annotations

Branches:
Dungeon (8/15)             Temple (0/1) D:7
   Lair: D:8-11

Altars:
Vehumet

Annotations:
D:8 Maurice


Message History

Aiming: Iceblast
Press: ? - help, Q - select action, (/) - cycle Shift-Dir - straight line That beam is likely to hit you.
Continue anyway?
Okay, then.
Casting: Searing Ray (safe; 1% risk of failure)
Confirm with . or Enter, or press ? or * to list all spells.
Aiming: Searing Ray (safe; 1% risk of failure)
Press: ? - help, Shift-Dir - straight line The searing ray hits something. (Press . to maintain the ray.)
Something hits you.
* * * LOW HITPOINT WARNING * * *
Something steals 198 gold pieces!
You now have 112 gold pieces.
Something barely misses you. Something hits you.
* * * LOW HITPOINT WARNING * * *
Something steals 112 gold pieces!
You now have 0 gold pieces.
You finish channelling your searing ray.
Casting: Searing Ray (safe; 1% risk of failure)
Confirm with . or Enter, or press ? or * to list all spells.
Okay, then.
Casting: Searing Ray (safe; 1% risk of failure)
Confirm with . or Enter, or press ? or * to list all spells.
Aiming: Searing Ray (safe; 1% risk of failure)
Press: ? - help, Shift-Dir - straight line The searing ray hits something! (Press . to maintain the ray.)
Something hits you.
* * * LOW HITPOINT WARNING * * *
Something steals your 2 cyan potions!
The searing ray hits something.
Something hits you.
* * * LOW HITPOINT WARNING * * *
Something groans, "What are you, a monk?"
Items here: )) [[ †.
Things that are here:
a +0 dagger; a +0 robe You hear a zap.
An iceblast appears from out of thin air!
The mass of ice explodes!
The iceblast engulfs you! You partially resist.
You die...

. #.# .# #.##
...#..# #.##.#
#[.#.## #....##
#####
#####.#..###....
....#.##.....###
#.....####@..#
##.##.#
#)#...... #....#
#{# ##...
###..####.# #
#...#...# #.
###.....####
#..##...#.....#
#....#.......#
##...###.....#


There were no monsters in sight!

Vanquished Creatures
  Prince Ribbit (D:5)
  Sigmund (D:5)
  A wyvern (D:7)
  A steam dragon (D:7)
  3 orc warriors
  3 ice beasts
  A hornet zombie (D:6)
  A black bear (D:5)
  3 necrophages
  A centaur (D:6)
  An ogre (D:4)
  A kobold brigand (D:7)
  2 bullfrogs
  A gnoll sergeant (D:5)
  4 scorpions
  A water moccasin skeleton (D:4)
  3 killer bees (D:6)
  5 wights (D:6)
  A bullfrog zombie (D:5)
  2 centaur zombies (D:7)
  5 hounds
  An orc priest (D:3)
  3 jellies
  A bullfrog skeleton (D:4)
  A gnoll shaman (D:7)
  Jessica (D:2)
  Crazy Yiuf (D:5)
  3 orc wizards
  2 iguanas
  3 killer bee zombies
  2 hound skeletons (D:4)
  10 gnolls
  A howler monkey skeleton (D:6)
  6 adders
  A white imp (D:6)
  An adder zombie (D:5)
  4 worms
  3 dart slugs (D:2)
  24 orcs
  3 bats
  7 endoplasms
  3 giant cockroaches
  8 goblins
  8 hobgoblins
  4 jackals (D:3)
  2 quokkas
  5 ball pythons
  4 frilled lizards
  13 kobolds
  7 rats
174 creatures vanquished.

Vanquished Creatures (others)
  A fulminant prism (D:6)
  12 plants (D:8)
13 creatures vanquished.

Grand Total: 187 creatures vanquished

Notes
Turn   | Place    | Note
-------+----------+-------------------------------------------
     0 | D:1      | mortz the Human Conjurer began the quest for the Orb.
     0 | D:1      | Reached XP level 1. HP: 13/13 MP: 3/3
   203 | D:1      | Reached XP level 2. HP: 19/19 MP: 3/5
   206 | D:1      | Learned a level 2 spell: Searing Ray
   784 | D:1      | Reached XP level 3. HP: 15/24 MP: 0/6
  1654 | D:2      | Reached skill level 5 in Conjurations
  1654 | D:2      | Reached XP level 4. HP: 30/30 MP: 3/7
  1877 | D:2      | Noticed Jessica
  1937 | D:2      | Killed Jessica
  2095 | D:2      | Found a faded altar of an unknown god.
  2425 | D:2      | Reached XP level 5. HP: 35/35 MP: 5/8
  3201 | D:3      | Reached XP level 6. HP: 28/41 MP: 2/10
  3694 | D:4      | Noticed a necrophage
  3707 | D:4      | Killed a necrophage
  3708 | D:4      | Reached skill level 6 in Conjurations
  3708 | D:4      | Reached XP level 7. HP: 41/47 MP: 6/12
  3904 | D:4      | Identified the +10 hunting sling of the Postmodern Friends
                  | {vorpal, *Corrode rPois rC+ Will+}
  4502 | D:5      | Entered Level 5 of the Dungeon
  4635 | D:5      | Reached skill level 1 in Slings
  4635 | D:5      | Reached XP level 8. HP: 53/53 MP: 12/15
  4644 | D:5      | Reached skill level 1 in Fighting
  4644 | D:5      | Reached skill level 5 in Spellcasting
  4653 | D:5      | Noticed Prince Ribbit
  4663 | D:5      | Killed Prince Ribbit
  4664 | D:5      | Reached skill level 7 in Conjurations
  4717 | D:5      | Noticed Sigmund
  4721 | D:5      | Killed Sigmund
  4722 | D:5      | Reached XP level 9. HP: 48/61 MP: 14/17
  5175 | D:5      | Found a runed translucent door.
  5176 | D:5      | Noticed Crazy Yiuf
  5183 | D:5      | Killed Crazy Yiuf
  5593 | D:6      | Reached skill level 5 in Slings
  5729 | D:6      | Learned a level 4 spell: Fulminant Prism
  6839 | D:7      | Learned a level 4 spell: Iskenderun's Mystic Blast
  6916 | D:7      | Found a radiant altar of Vehumet.
  6920 | D:7      | Became a worshipper of Vehumet
  6968 | D:7      | Reached XP level 10. HP: 62/70 MP: 14/19
  7209 | D:7      | Reached skill level 8 in Conjurations
  7643 | D:7      | Found a staircase to the Ecumenical Temple.
  8237 | D:8      | Noticed Maurice
  8289 | D:8      | Killed from afar by Maurice

Illustrated notes

Levels and vault maps discovered:
D:1:      roderic_crossed_star, layout_loops_corners,
          chequers_serial_rivers_large_b, serial_bayou_lake_a
D:2:      layout_loops_ring, hellmonk_ecumenical_altar_run_dry, uniq_jessica
D:3:      mumra_celtic_spiral_tile, layout_basic, roderic_lattice_a
D:4:      layout_rooms, supply_closet_lemuel
D:5:      layout_basic, uniq_prince_ribbit1, uniq_crazy_yiuf_cottage,
          uniq_sigmund
D:6:      layout_basic
D:7:      layout_basic, mainiacjoe_overflow_24_doors,
          minmay_temple_entry_crystal_x
D:8:      layout_rooms, nemelex_altar_shiori,
          nicolae_ru_great_annihilating_truth, david_lair_shrubbed,
          serial_shops, kennysheep_mini_moat, uniq_maggie, uniq_gastronok,
          uniq_maurice

Skill      XL: |  1  2  3  4  5  6  7  8  9 10 |
---------------+-------------------------------+-----
Conjurations   | 5 6 7 8 |  8.2
Spellcasting   | 3 4 5 6 |  6.8
Stealth        | 3 4 |  4.4
Slings         | 1 3 6 7 |  7.5
Fighting       | 1 3 |  3.6
Dodging        | 3 |  3.8
Short Blades   | |  0.8
Long Blades    | |  0.2

Action                   |  1- 3 |  4- 6 |  7- 9 | 10-12 || total
-------------------------+-------+-------+-------+-------++-------
Melee: Short sword       |     6 |       |       |       ||     6
       Long sword        |     5 |       |       |       ||     5
 Fire: Hunting sling     |       |       |    95 |    42 ||   137
 Cast: Magic Dart        |    50 |    44 |    25 |       ||   119
       Searing Ray       |     1 |    32 |    39 |    16 ||    88
       Fulminant Prism   |       |       |     1 |       ||     1
Evoke: Wand              |       |       |       |     1 ||     1
Armor: Robe              |     5 |     1 |     3 |       ||     9
       Steam dragon scal |       |       |       |     7 ||     7
Dodge: Dodged            |    10 |    11 |    27 |    22 ||    70
